 Dungeon Crawl Stone Soup version 0.30.1-9-gdf580d7c3d (webtiles) character file.

Game seed: 2111337462400762032

1801 HagarQim the Grave Robber (level 8, -20/58 HPs)
             Began as a Demonspawn Necromancer on Sept 23, 2023.
             Was an Initiate of Gozag.
             Demolished by an ogre
             ... wielding a +0 halberd
              (21 damage)
             ... in a bailey on Sept 24, 2023.
             The game lasted 00:20:23 (6566 turns).

HagarQim the Grave Robber (Demonspawn Necromancer)  Turns: 6566, Time: 00:20:23

Health: -20/58     AC:  4    Str:  8    XL:     8   Next: 83%
Magic:  21/25      EV: 18    Int: 18    God:    Gozag
Gold:   770        SH:  5    Dex: 15    Spells: 17/18 levels left

rFire   . . .        o - +3 lajatang (venom)
rCold   . . .        (shield currently unavailable)
rNeg    . . .        a - +0 robe
rPois   .            q - +1 helmet
rElec   .            (no cloak)
rCorr   .            (no gloves)
SInv    .            (no boots)
Will    +....        E - amulet of the Real Monster {Reflect Will+ SH+5}
Stlth   +            d - ring of magical power
HPRegen 0.29/turn    t - +5 ring of evasion
MPRegen 0.19/turn

%: reflection
@: gold aura, very slow
A: demonic magic 2, weakness stinger 2
a: Renounce Religion, Potion Petition, Call Merchant, Bribe Branch


You were in a bailey.
You worshipped Gozag.
Gozag was pleased with you.
You visited 1 branch of the dungeon, and saw 7 of its levels.
You also visited: Bailey.

You collected 830 gold pieces.
You paid 60 gold pieces to Gozag.

Inventory:

Hand Weapons
 i - a +1 dagger of flaming
 j - a +1 dagger of venom
 n - a +3 dagger
 o - a +3 lajatang of venom (weapon)
 w - a +1 halberd of venom
 y - a +1 vampiric dagger
Armour
 a - a +0 robe (worn)
 q - a +1 helmet (worn)
Magical Staves
 e - a staff of cold
 B - a staff of air
Jewellery
 d - a ring of magical power (left hand)
 g - an amulet of guardian spirit
 t - a +5 ring of evasion (right hand)
 z - a ring of ice
 E - the amulet of the Real Monster (around neck) {Reflect Will+ SH+5}
   (You acquired it on level 7 of the Dungeon)

   [amulet of reflection]

   It reflects blocked missile attacks.
   SH:        It affects your SH (+5).
   Will:      It increases your willpower.
Wands
 c - a wand of flame (20)
 G - a wand of roots (2)
Scrolls
 m - 2 scrolls of amnesia
 v - 2 scrolls of blinking
 A - a scroll of fear
 D - a scroll of fog
Potions
 b - 2 potions of magic
 f - 2 potions of attraction
 h - a potion of might
 l - a potion of resistance
 p - 2 potions of cancellation
 r - 2 potions of heal wounds
 s - 3 potions of curing
 x - a potion of invisibility
 C - 2 potions of mutation


   Skills:
 + Level 3.4 Fighting
 + Level 0.4 Short Blades
 + Level 5.0 Staves
 + Level 2.7 Dodging
 + Level 3.5 Stealth
 * Level 5.6 Spellcasting
 * Level 3.0 Hexes
 + Level 6.7 Necromancy


You had 17 spell levels left.
You knew the following spells:

 Your Spells              Type           Power      Damage    Failure   Level
a - Necrotise             Necr           100%       1d9       1%          1

Your spell library contained the following spells:

 Spells                   Type           Power      Damage    Failure   Level
 Vampiric Draining        Necr           29%        2d8       2%          3
 Ensorcelled Hibernation  Hex/Ice        20%        N/A       10%         2
 Tukima's Dance           Hex            16%        N/A       11%         3
 Passwall                 Tmut/Erth      4%         N/A       19%         2
 Dazzling Flash           Conj/Hex       20%        N/A       21%         3
 Portal Projectile        Hex/Tloc       20%        N/A       21%         3
 Agony                    Necr           29%        N/A       22%         5
 Call Canine Familiar     Summ           5%         N/A       36%         3
 Swiftness                Air            5%         N/A       36%         3
 Volatile Blastmotes      Fire/Tloc      10%        2d10      36%         3
 Leda's Liquefaction      Hex/Erth       5%         N/A       54%         4
 Iskenderun's Mystic Bla  Conj/Tloc      5%         2d3       77%         4
 Blade Hands              Tmut           2%         N/A       98%         5
 Starburst                Conj/Fire      2%         6d3       100%        6
 Animate Dead             Necr           Unusable   N/A       N/A         4

Dungeon Overview and Level Annotations

Branches:
Dungeon (7/15)             Bailey (1/1)
 Temple: D:4-7

Altars:
Ashenzari
Fedhas
Gozag
Hepliaklqana
Nemelex Xobeh
Trog
Uskayaw
Yredelemnul


Innate Abilities, Weirdness & Mutations

Spells you cast may paralyse nearby enemies.
You have a tail ending in a sharp stinger.


Message History

You see here a +0 spear.
You now have 770 gold pieces (gained 9).
Things that are here:
a +0 spear; 2 potions of degeneration
There is a flagged portal here.
The world spins around you as you enter the gateway.
You enter a bailey!
Found a gate leading back out of this place.
There is an empty arch of ancient stone here.
An ogre comes into view. It is wielding a +0 halberd.
You enter the shallow water.
Moving in this stuff is going to be slow.
The ogre shouts!
You hear a shout!
An ogre comes into view. It is wielding a +0 halberd.
The ogre shouts!
The ogre writhes in agony.
Malevolent energies surge around you. You block the ogre's attack.
The ogre writhes in agony!
Malevolent energies surge around you.
The ogre hits you from afar with a +0 halberd!
You block the ogre's attack.
The ogre barely resists.
Malevolent energies surge around you.
The ogre hits you from afar with a +0 halberd!!
You are too injured to fight recklessly!
The ogre completely misses you.
You slash the ogre!
The ogre is severely wounded.
The ogre hits you with a +0 halberd!!
* * * LOW HITPOINT WARNING * * *
The ogre misses you.
You slash the ogre!
You kill the ogre!
You hear a splash.
The ogre completely misses you.
Your Staves skill increases to level 5!
Your Hexes skill increases to level 3!
You enter the shallow water.
Moving in this stuff is going to be slow.
An ogre comes into view. It is wielding a +0 halberd.
The ogre hits you with a +0 halberd!!
You die...
Your body crumbles into a pile of gold.

. ### ..
##.## ..#
##...## ..#
#.....# .O♣
##.....###..#
#...∩..@~~..#
#......O~~..#
#......~~~..#
#......~~~..♣
#...∩..~~~..♣
##.....###..#
#.....# #..#
##...## #..


You could see 2 ogres.

Vanquished Creatures
  Pikel (D:7)
  A steam dragon (D:6)
  A sky beast (D:7)
  2 ogres
  A black bear (D:6)
  3 phantoms
  A lemure (D:7)
  A bullfrog (D:6)
  A scorpion (D:5)
  A howler monkey (D:5)
  A gnoll bouda (D:7)
  2 hounds
  A jelly (D:6)
  3 orc wizards
  A sleepcap (D:4)
  An iguana (D:6)
  5 gnolls (D:7)
  6 adders
  A white imp (D:6)
  2 ufetubi
  2 worms (D:2)
  4 dart slugs
  16 orcs
  2 endoplasms
  3 giant cockroaches
  8 goblins
  5 hobgoblins
  14 jackals
  3 quokkas
  6 ball pythons
  4 bats
  2 frilled lizards (D:1)
  14 kobolds
  6 rats
125 creatures vanquished.

Vanquished Creatures (collateral kills)
  2 endoplasms (D:1)
  A goblin (D:2)
  A frilled lizard (D:2)
  A rat (D:1)
5 creatures vanquished.

Vanquished Creatures (others)
  An orc (D:6)
1 creature vanquished.

Grand Total: 131 creatures vanquished

Notes
Turn   | Place    | Note
-------+----------+-------------------------------------------
     0 | D:1      | HagarQim the Demonspawn Necromancer began the quest for the
                  | Orb.
     0 | D:1      | Reached XP level 1. HP: 13/13 MP: 3/3
   197 | D:1      | Gained mutation: You have a small tail. [demonic ancestry]
   197 | D:1      | Reached XP level 2. HP: 19/19 MP: 2/5
   837 | D:1      | Reached skill level 5 in Necromancy
  1237 | D:1      | Gained mutation: Spells you cast may paralyse adjacent
                  | enemies. [demonic ancestry]
  1237 | D:1      | Reached XP level 3. HP: 24/24 MP: 6/6
  2237 | D:2      | Reached XP level 4. HP: 30/30 MP: 8/8
  2651 | D:3      | Found a blossoming altar of Fedhas.
  2735 | D:3      | Found a basalt altar of Yredelemnul.
  2738 | D:3      | Found a bloodstained altar of Trog.
  2745 | D:3      | Found a sparkling altar of Nemelex Xobeh.
  2748 | D:3      | Found a hazy altar of Hepliaklqana.
  2762 | D:3      | Found a hide-covered altar of Uskayaw.
  2768 | D:3      | Found an opulent altar of Gozag.
  2778 | D:3      | Became a worshipper of Gozag Ym Sagoz the Greedy
  3329 | D:4      | Upgraded the game from 0.30.1-8-g117510f58f to
                  | 0.30.1-9-gdf580d7c3d
  3404 | D:4      | Reached skill level 1 in Fighting
  3735 | D:4      | Found a broken altar of Ashenzari.
  3798 | D:5      | Entered Level 5 of the Dungeon
  3847 | D:5      | Reached skill level 1 in Staves
  3847 | D:5      | Reached XP level 5. HP: 37/37 MP: 9/9
  4007 | D:5      | Gained mutation: Spells you cast may paralyse nearby
                  | enemies. [demonic ancestry]
  4007 | D:5      | Reached XP level 6. HP: 24/44 MP: 11/11
  4756 | D:6      | Reached XP level 7. HP: 50/50 MP: 12/12
  4897 | D:6      | Noticed a steam dragon
  4905 | D:6      | HP: 2/50 [steam dragon] (4)]
  5440 | D:6      | Killed a steam dragon
  5441 | D:6      | Reached skill level 6 in Necromancy
  5573 | D:6      | Reached skill level 1 in Hexes
  5951 | D:6      | Gained mutation: You have a tail ending in a sharp stinger.
                  | [demonic ancestry]
  5951 | D:6      | Reached XP level 8. HP: 58/58 MP: 14/14
  6134 | D:7      | Identified a scroll of acquirement
  6134 | D:7      | Acquired the amulet of the Real Monster {Reflect Will+
                  | SH+5}
  6426 | D:7      | Noticed Pikel
  6441 | D:7      | Killed Pikel
  6442 | D:7      | Reached skill level 5 in Spellcasting
  6532 | D:7      | Found a flagged portal.
  6552 | Bailey   | Entered a bailey
  6564 | Bailey   | HP: 1/58 [ogre/+0 halberd (21)]
  6566 | Bailey   | Reached skill level 5 in Staves
  6566 | Bailey   | Demolished by an ogre

Illustrated notes

Levels and vault maps discovered:
D:1:      wheals_arrival_linesprint, layout_loops_corners
D:2:      layout_basic
D:3:      layout_basic, mainiacjoe_overflow_24_doors,
          nicolae_overflow_hallway_of_the_gods
D:4:      layout_rooms, ashenzari_conservatory_becter
D:5:      layout_basic, chequers_jeans
D:6:      layout_cave_pods
D:7:      layout_basic, kennysheep_mini, minmay_temple_entry_fiery,
          enter_bailey_7, uniq_pikel
Bailey:   bailey_polearm_enchanted_keep_hellmonk, bailey

Skill      XL: |  1  2  3  4  5  6  7  8 |
---------------+-------------------------+-----
Necromancy     | 5 6 |  6.7
Stealth        | 2 3 |  3.5
Spellcasting   | 3 4 5 |  5.6
Fighting       | 1 2 3 |  3.4
Staves         | 1 2 3 4 5 |  5.0
Dodging        | 2 |  2.7
Hexes          | 1 3 |  3.0
Short Blades   | |  0.4

Action                     |  1- 3 |  4- 6 |  7- 9 || total
---------------------------+-------+-------+-------++-------
  Melee: Unarmed           |    10 |       |       ||    10
         Staff             |     3 |       |       ||     3
         Dagger            |    35 |       |       ||    35
         Tailslap          |     2 |    16 |    15 ||    33
         Lajatang          |       |    92 |   105 ||   197
   Cast: Necrotise         |    68 |    27 |    50 ||   145
    Use: Scroll            |       |     5 |    13 ||    18
         Potion            |       |       |     1 ||     1
   Stab: Paralysed         |     1 |     2 |     1 ||     4
         Sleeping          |       |     5 |     1 ||     6
         Invisible         |       |       |     1 ||     1
 Armour: Robe              |    12 |    18 |    15 ||    45
  Dodge: Dodged            |    44 |    65 |    95 ||   204
  Block: Other             |       |       |    11 ||    11
